 Dungeon Crawl Stone Soup version 0.27-a0-1154-gfdeffcb720 (webtiles) character file.

Game seed: 13946543492056633874

13805 mhtbhm the Eclecticist (level 11, 0/55 HPs)
             Began as a Deep Elf Earth Elementalist on May 11, 2021.
             Was a Priest of Vehumet.
             Slain by an orc knight
             ... wielding a +0 war axe
              (19 damage)
             ... in a bailey on May 14, 2021.
             The game lasted 00:33:10 (21068 turns).

mhtbhm the Eclecticist (DEEE)                      Turns: 21068, Time: 00:33:11

Health: 0/55       AC:  3    Str:  5    XL:     11   Next: 80%
Magic:  26/33      EV: 13    Int: 24    God:    Vehumet [***...]
Gold:   605        SH:  0    Dex: 15    Spells: 27/42 levels left

rFire    . . .     SeeInvis .   o - +6 mace of Insomnia {freeze, rCorr}
rCold    . . .     Faith    .   (no shield)
rNeg     . . .     Spirit   .   c - +0 robe
rPois    .         Reflect  .   (no helmet)
rElec    .         Harm     .   s - +0 cloak {Will+}
rCorr    +         Rampage  .   (no gloves)
Will     ++...                  (no boots)
Stlth    +++.......             (no amulet)
HPRegen  0.18/turn              m - ring of flight
MPRegen  0.23/turn              (no ring)

@: marked, flying
A: no striking features
a: Renounce Religion


You were in a bailey.
You worshipped Vehumet.
Vehumet was most pleased with you.
You visited 3 branches of the dungeon, and saw 15 of its levels.
You also visited: Bailey.

You collected 605 gold pieces.

Inventory:

Hand Weapons
 e - the +9 heavy crossbow "Sniper" {vorpal, Acc+∞ SInv}
   (You found it on level 6 of the Dungeon)

   Any bolt fired from it inflicts extra damage.
   It lets you see invisible.
 o - the +6 mace of Insomnia (weapon) {freeze, rCorr}
   (You found it on level 5 of the Dungeon)

   It has been specially enchanted to freeze those struck by it, causing extra
   injury to most foes and up to half again as much damage against particularly
   susceptible opponents.
   It can also slow down cold-blooded creatures.
   It protects you from acid and corrosion.
Missiles
 b - 296 stones
 g - 49 poisoned darts (quivered)
 v - 4 throwing nets
Armour
 c - a +0 robe (worn)
 s - a +0 cloak of willpower (worn)
Jewellery
 m - a ring of flight (left hand)
 n - a ring of ice
Wands
 q - a wand of flame (20)
 r - a wand of iceblast (4)
 x - a wand of polymorph (5)
 A - a wand of charming (10)
Scrolls
 d - a scroll of brand weapon
 f - a scroll of blinking
 h - 2 scrolls of amnesia
 i - a scroll of silence
 j - 2 scrolls of enchant armour
 k - 2 scrolls of teleportation
 y - a scroll of noise {unknown}
 z - a scroll of immolation {unknown}
Potions
 a - a potion of might
 l - a potion of lignification
 p - a potion of heal wounds
 u - 2 potions of curing
 B - a potion of cancellation
Miscellaneous
 w - a box of beasts


   Skills:
 + Level 0.7 Fighting
 + Level 1.4 Throwing
 + Level 3.3 Dodging
 + Level 5.1 Stealth
 + Level 16.3 Spellcasting
 + Level 3.8 Conjurations
 + Level 1.4 Transmutations
 + Level 13.5 Earth Magic
 + Level 1.8 Evocations


You had 27 spell levels left.
You knew the following spells:

 Your Spells              Type           Power      Damage    Failure   Level
a - Sandblast             Erth           100%       2d20      0%          1
b - Passwall              Tmut/Erth      44%        N/A       1%          2
c - Stone Arrow           Conj/Erth      100%       3d13      1%          3
d - Lee's Rapid Deconstr  Erth           35%        3d19*     1%          5
e - Petrify               Tmut/Erth      53%        N/A       1%          4

Your spell library contained the following spells:

 Spells                   Type           Power      Damage    Failure   Level
 Static Discharge         Conj/Air       28%        N/A       1%          2
 Magic Dart               Conj           100%       1d8       1%          1
 Searing Ray              Conj           76%        3d6       1%          2
 Dazzling Flash           Conj/Hex       56%        N/A       1%          3
 Animate Skeleton         Necr           38%        N/A       2%          1
 Apportation              Tloc           38%        N/A       2%          1
 Corona                   Hex            21%        N/A       2%          1
 Summon Small Mammal      Summ           76%        N/A       2%          1
 Fulminant Prism          Conj/Hex       14%        3d9       3%          4
 Iskenderun's Mystic Bla  Conj/Tloc      28%        2d7       3%          4
 Confusing Touch          Hex            19%        N/A       9%          3
 Gell's Gravitas          Tloc           9%         N/A       9%          3
 Yara's Violent Unravell  Hex/Tmut       11%        3d6       16%         5
 Metabolic Englaciation   Hex/Ice        9%         N/A       58%         5


Dungeon Overview and Level Annotations

Branches:
Dungeon (12/15)            Temple (1/1) D:7            Lair (0/6) D:11
    Orc (2/2) D:9          Bailey (1/1)
    Elf: Orc:2

Altars:
Ashenzari
Cheibriados
Dithmenos
Elyvilon
Fedhas
Gozag
Hepliaklqana
Kikubaaqudgha
Makhleb
Nemelex Xobeh
Okawaru
Qazlal
Ru
Sif Muna
Trog
Uskayaw
Vehumet
Wu Jian
Xom
Yredelemnul
Zin
The Shining One

Annotations:
D:9 3 runed translucent doors, HendSelp's ghost, journeyman DECj


Message History

Press: ? - help, Dir - move target, f - orc warrior, p - orc knight Fragment what (e.g. wall or brittle monster)?: an orc warrior, wielding a +0 hand axe and wearing a +0 ring mail (strong)
An open door.
The stone door frame shatters!
The blast of rock fragments hits the orc warrior!!
The orc warrior is severely wounded.
The blast of rock fragments hits the hobgoblin.
You kill the hobgoblin!
Vehumet accepts your kill.
The blast of rock fragments hits the orc knight!!
The orc knight is heavily wounded.
A hobgoblin comes into view. It is wielding a +0 hand axe.
The orc knight hits you with a +0 war axe!!
Unknown command.
Casting: Lee's Rapid Deconstruction (dangerous; 1% risk of failure)
Confirm with . or Enter, or press ? or * to list all spells.
Aiming: Lee's Rapid Deconstruction (dangerous; 1% risk of failure)
Press: ? - help, Dir - move target, p - orc warrior A stone wall.
Okay, then.
Casting: Lee's Rapid Deconstruction (dangerous; 1% risk of failure)
Confirm with . or Enter, or press ? or * to list all spells.
Aiming: Lee's Rapid Deconstruction (dangerous; 1% risk of failure)
Press: ? - help, Dir - move target, p - orc warrior A stone wall.
The wall shatters!
The blast of rock fragments hits the orc warrior!!
You kill the orc warrior!
Vehumet accepts your kill.
You feel your power returning.
The blast of rock fragments hits the hobgoblin!!
You kill the hobgoblin!
Vehumet accepts your kill.
Vehumet is now aiding your destructive spells.
The blast of rock fragments hits the orc knight!!
The orc knight is severely wounded.
The kobold throws a boomerang.
The boomerang barely misses you.
The kobold throws a boomerang.
The boomerang closely misses you.
The orc knight hits you with a +0 war axe!!
You die...

###
##8##
##.∩.##
#8^^@8#
##.∩o##
##(##
≈) #≈g
K≈.
##≈.


K≈g You could see an orc knight, a hobgoblin, a goblin and 2 kobolds.

Vanquished Creatures
  Harold (D:7)
  4 two-headed ogres
  An orc knight (Bailey)
  A cyclops (D:8)
  Joseph (D:7)
  Maggie (D:6)
  A troll (Orc:2)
  Grinder (D:6)
  A meliai zombie (D:10)
  Sigmund (D:6)
  A shadow (D:9)
  17 yaks
  Eustachio (D:6)
  2 steam dragons
  3 vampire mosquitoes (D:11)
  2 acid dragons
  3 wargs (D:9)
  12 orc warriors
  3 black bears
  A sky beast (D:8)
  An ogre (Orc:1)
  4 centaurs
  3 kobold brigands
  A wyvern zombie (D:7)
  A scorpion (D:5)
  3 bullfrogs
  A wyvern skeleton (D:7)
  A killer bee (D:10)
  15 wights
  7 howler monkeys
  8 crimson imps (D:9)
  2 centaur zombies
  A bullfrog zombie (D:5)
  A hound (D:6)
  3 jellies
  7 orc priests
  Crazy Yiuf (D:5)
  An iguana (D:7)
  2 bullfrog skeletons
  A centaur skeleton (D:5)
  8 orc wizards
  A hound skeleton (D:4)
  A howler monkey zombie (D:10)
  A howler monkey skeleton (D:5)
  6 adders
  A shadow imp (D:5)
  2 white imps
  5 dart slugs
  20 orcs
  9 ball pythons
  7 endoplasms
  5 giant cockroaches
  16 goblins
  13 hobgoblins
  3 jackals
  18 kobolds
  7 bats
  4 frilled lizards
  8 rats
257 creatures vanquished.

Vanquished Creatures (others)
  A centaur simulacrum (D:12)
  5 fungi
6 creatures vanquished.

Grand Total: 263 creatures vanquished

Notes
Turn   | Place    | Note
-------+----------+-------------------------------------------
     0 | D:1      | mhtbhm the Deep Elf Earth Elementalist began the quest for
                  | the Orb.
     0 | D:1      | Reached XP level 1. HP: 10/10 MP: 6/6
   108 | D:1      | Reached XP level 2. HP: 12/15 MP: 2/8
   485 | D:1      | Learned a level 2 spell: Passwall
  1103 | D:1      | Found a faded altar of an unknown god.
  1533 | D:2      | Reached XP level 3. HP: 19/19 MP: 8/10
  1537 | D:2      | Learned a level 3 spell: Stone Arrow
  2596 | D:2      | Reached skill level 4 in Spellcasting
  3515 | D:3      | Reached XP level 4. HP: 23/24 MP: 3/12
  3838 | D:3      | Reached skill level 1 in Conjurations
  4145 | D:3      | Noticed a bullfrog
  4147 | D:3      | Killed a bullfrog
  4148 | D:3      | Reached skill level 1 in Throwing
  4148 | D:3      | Reached XP level 5. HP: 28/28 MP: 6/13
  4352 | D:3      | Learned a level 5 spell: Lee's Rapid Deconstruction
  5785 | D:4      | Noticed a centaur
  6037 | D:4      | Killed a centaur
  6038 | D:4      | Reached skill level 5 in Spellcasting
  6038 | D:4      | Reached skill level 5 in Earth Magic
  6038 | D:4      | Reached XP level 6. HP: 32/32 MP: 3/15
  7570 | D:4      | Reached skill level 6 in Spellcasting
  7840 | D:5      | Entered Level 5 of the Dungeon
  7987 | D:5      | Reached XP level 7. HP: 36/36 MP: 11/18
  8134 | D:5      | Found an iron altar of Okawaru.
  8179 | D:5      | Learned a level 4 spell: Petrify
  8578 | D:5      | Found a runed translucent door.
  8579 | D:5      | Noticed Crazy Yiuf
  9047 | D:5      | Killed Crazy Yiuf
  9096 | D:5      | Identified the +6 mace of Insomnia {freeze, rCorr}
  9206 | D:6      | Noticed Grinder
  9207 | D:6      | Paralysed by Grinder for 7 turns
  9220 | D:6      | Killed Grinder
  9221 | D:6      | Reached skill level 7 in Spellcasting
  9597 | D:6      | Noticed Maggie
  9800 | D:6      | Killed Maggie
  9801 | D:6      | Reached skill level 8 in Spellcasting
  9801 | D:6      | Reached XP level 8. HP: 42/42 MP: 0/22
 10152 | D:6      | Found the +9 heavy crossbow "Sniper" {vorpal, Acc+∞ SInv}
 10190 | D:6      | Noticed Eustachio
 10213 | D:6      | Killed Eustachio
 10376 | D:6      | Upgraded the game from 0.27-a0-1147-gb3d8e82157 to
                  | 0.27-a0-1154-gfdeffcb720
 10906 | D:6      | Noticed Sigmund
 10908 | D:6      | Killed Sigmund
 10909 | D:6      | Reached skill level 9 in Spellcasting
 11068 | D:6      | Identified the +0 leather armour of Somewhere Else {rF+
                  | Will+ Str+4}
 11775 | D:7      | Reached skill level 10 in Spellcasting
 11777 | D:7      | Reached XP level 9. HP: 46/46 MP: 2/25
 12033 | D:7      | Noticed Harold
 12066 | D:7      | Killed Harold
 12067 | D:7      | Reached skill level 11 in Spellcasting
 12624 | D:7      | Found a staircase to the Ecumenical Temple.
 12664 | Temple   | Entered the Ecumenical Temple
 12869 | Temple   | Became a worshipper of Vehumet
 12913 | D:7      | Reached skill level 10 in Earth Magic
 12918 | D:7      | Reached skill level 12 in Spellcasting
 12928 | D:7      | Noticed Joseph
 13193 | D:7      | Killed Joseph
 13825 | D:7      | Reached XP level 10. HP: 41/51 MP: 6/28
 14185 | D:7      | Reached skill level 1 in Evocations
 14188 | D:7      | Reached skill level 13 in Spellcasting
 14614 | D:8      | Noticed a cyclops
 14616 | D:8      | Killed a cyclops
 15808 | D:8      | Reached skill level 14 in Spellcasting
 16202 | D:8      | Found a shimmering altar of Xom.
 16202 | D:8      | Found a broken altar of Ashenzari.
 16542 | D:9      | Reached * piety under Vehumet
 16542 | D:9      | Offered knowledge of Magic Dart by Vehumet.
 16779 | D:9      | Found a staircase to the Orcish Mines.
 16914 | D:9      | Reached XP level 11. HP: 38/55 MP: 11/31
 17431 | D:9      | Found a white marble altar of Elyvilon.
 17456 | D:9      | Noticed HendSelp's ghost (journeyman DECj)
 17463 | D:9      | Found a runed translucent gate.
 17463 | D:9      | Found a runed translucent gate.
 17463 | D:9      | Found a runed translucent gate.
 17463 | D:9      | Noticed a deep elf pyromancer
 17465 | D:9      | Noticed an eight-headed hydra
 17465 | D:9      | Noticed a six-headed hydra
 17520 | D:9      | Reached skill level 15 in Spellcasting
 17610 | D:9      | Identified the +1 leather armour of Nelinub {Contam rF+
                  | Int+6 SInv}
 17650 | D:9      | Found a blossoming altar of Fedhas.
 18233 | Orc:1    | Entered Level 1 of the Orcish Mines
 18635 | Orc:2    | Entered Level 2 of the Orcish Mines
 18935 | Orc:2    | Reached ** piety under Vehumet
 18935 | Orc:2    | Offered knowledge of Searing Ray by Vehumet.
 19176 | D:10     | Entered Level 10 of the Dungeon
 19193 | D:10     | Noticed a two-headed ogre
 19195 | D:10     | Killed a two-headed ogre
 19379 | D:10     | Found a basalt altar of Yredelemnul.
 19385 | D:10     | Found a shadowy altar of Dithmenos.
 19390 | D:10     | Found an opulent altar of Gozag.
 20092 | D:10     | Found a glowing silver altar of Zin.
 20092 | D:10     | Noticed an angel
 20321 | D:11     | Offered knowledge of Static Discharge by Vehumet.
 20509 | D:11     | Found a staircase to the Lair.
 20539 | D:11     | Noticed a two-headed ogre
 20540 | D:11     | Noticed a two-headed ogre
 20546 | D:11     | Killed a two-headed ogre
 20549 | D:11     | Killed a two-headed ogre
 20550 | D:11     | Reached skill level 5 in Stealth
 20550 | D:11     | Reached skill level 16 in Spellcasting
 20941 | D:12     | Noticed an orc knight
 20941 | D:12     | Noticed a tengu warrior
 20941 | D:12     | Noticed a wizard
 20985 | D:12     | Noticed a two-headed ogre
 20990 | D:12     | Killed a two-headed ogre
 21017 | D:12     | Found a flagged portal.
 21032 | Bailey   | Entered a bailey
 21053 | Bailey   | Noticed an orc knight
 21056 | Bailey   | Killed an orc knight
 21057 | Bailey   | Noticed an orc knight
 21068 | Bailey   | Reached *** piety under Vehumet
 21068 | Bailey   | Slain by an orc knight

Illustrated notes

Levels and vault maps discovered:
D:1:      psy_arrival_radial01, layout_basic,
          hellmonk_ecumenical_altar_heavens_door
D:2:      layout_loops_cross, minmay_misc_feat_cross
D:3:      minmay_diamond_boxcup, layout_loops_corners
D:4:      layout_layer_cave, minmay_fountain_box, grunt_ministairs_15
D:5:      layout_basic, nicolae_overflow_hidden_temple, uniq_crazy_yiuf_cottage
D:6:      layout_loops_ring, uniq_grinder, uniq_sigmund, uniq_eustachio,
          uniq_maggie
D:7:      layout_cave_pods, minmay_temple_entry_junction, uniq_joseph,
          uniq_harold
D:8:      layout_loops_cross, amethyst_overflow_temple_binary
D:9:      layout_stronghold, elyvilon_altar_5, fedhas_altar_2,
          minmay_orc_entry_guard_dogs, gammafunk_ghost_split, minmay_nine_imps
D:10:     layout_layer_cave, zin_angel, grunt_temple_overflow_diamond,
          st_stairs_11, bh_walls_and_bars
D:11:     layout_roguey, lair_entry_dummy
D:12:     minmay_connected_triangles_in_corner, layout_long_grid,
          enter_bailey_2, minivault_14, lemuel_flame_loot_1, uniq_erolcha,
          uniq_maurice
Temple:   nicolae_temple_figure_eight
Orc:1:    layout_diamond_mine, uniq_erica
Orc:2:    grunt_orc_gardens, layout_diamond_mine, grunt_orc_garden,
          grunt_orc_garden, grunt_orc_garden, grunt_orc_garden, serial_shops,
          shop, shop, nicolae_shop_behind_doors, nicolae_orc_sculptors_studio,
          statue_in_the_mist_lemuel, uniq_jorgrun
Bailey:   bailey_axe_1, bailey

Skill      XL: |  1  2  3  4  5  6  7  8  9 10 11 |
---------------+----------------------------------+-----
Dodging        | 3 |  3.3
Earth Magic    | 4 5 7 8 10 11 13 | 13.5
Stealth        | 3 4 5 |  5.1
Spellcasting   | 4 5 6 8 10 12 14 16 | 16.3
Conjurations   | 1 2 3 |  3.8
Throwing       | 1 |  1.4
Evocations     | 1 |  1.8
Fighting       | |  0.7
Transmutations | |  1.4

Action                   |  1- 3 |  4- 6 |  7- 9 | 10-12 || total
-------------------------+-------+-------+-------+-------++-------
Melee: Unarmed           |       |     1 |       |       ||     1
       Mace              |       |       |     2 |       ||     2
Throw: Dart              |    36 |    13 |       |     1 ||    50
       Stone             |     1 |       |       |       ||     1
 Cast: Sandblast         |    49 |    19 |    18 |    47 ||   133
       Stone Arrow       |     8 |    34 |    15 |    25 ||    82
       Lee's Rapid Decon |       |     3 |    52 |    96 ||   151
       Petrify           |       |       |     6 |     3 ||     9
Evoke: Wand              |       |       |     2 |     3 ||     5
  Use: Scroll            |     2 |     1 |     7 |     6 ||    16
       Potion            |       |       |     3 |     2 ||     5
Armor: Robe              |     3 |     1 |     4 |     1 ||     9
Dodge: Dodged            |     8 |    18 |    23 |    34 ||    83

Table legend: (Time is in decaauts)
 A = Elapsed time spent in this place.
 B = Non-inter-level travel time spent in this place.
 C = Inter-level travel time spent in this place.
 D = Time resting spent in this place.
 E = Time spent auto-exploring this place.
 F = Levels seen in this place.
 G = Mean time per level.
                   A        B        C        D        E       F      G
               +--------+--------+--------+--------+--------+-----+--------+
         Total |  21067 |  20941 |    126 |  10176 |   8223 |  16 | 1316.7 |
       Dungeon |  19960 |  19834 |    126 |   9621 |   7877 |  12 | 1663.3 |
        Temple |    229 |    229 |      0 |      0 |    200 |   1 |  229.0 |
  Orcish Mines |    841 |    841 |      0 |    536 |    146 |   2 |  420.5 |
        Bailey |     35 |     35 |      0 |     19 |      0 |   1 |   35.0 |
               +--------+--------+--------+--------+--------+-----+--------+

Top non-repeatable levels by time:
     D:7: 2991 daAuts
     D:3: 2515 daAuts
     D:4: 2356 daAuts
     D:6: 2197 daAuts
     D:9: 1977 daAuts
     D:8: 1746 daAuts
     D:1: 1525 daAuts
     D:2: 1441 daAuts
     D:5: 1352 daAuts
    D:10: 1092 daAuts
   Orc:1: 784 daAuts
    D:11: 690 daAuts
  Temple: 229 daAuts
    D:12: 73 daAuts
   Orc:2: 57 daAuts
